 Dungeon Crawl Stone Soup version 0.22-a0-374-g5dfd9e3 (webtiles) character file.

23 Atlas the Magician (level 2, 0/19 HPs)
             Began as a Mummy Wizard on Apr 26, 2018.
             Slain by a giant cockroach (1 damage)
             ... on level 1 of the Dungeon.
             The game lasted 00:01:01 (959 turns).

Atlas the Magician (Mummy Wizard)                    Turns: 959, Time: 00:01:01

Health: 0/19       AC:  3    Str: 10    XL:     2   Next: 75%
Magic:  6/7        EV: 11    Int: 17    God:
Gold:   45         SH:  0    Dex: 10    Spells: 9/10 levels left

rFire    x . .     SeeInvis .   (no weapon)
rCold    + . .     Gourm    .   (no shield)
rNeg     + + +     Faith    .   g - +0 leather armour
rPois    ∞         Spirit   .   b - +0 hat
rElec    .         Reflect  .   (no cloak)
rCorr    .         Harm     .   (no gloves)
MR       .....                  (no boots)
Stlth    +.........             (no amulet)
HPRegen  0.06/turn              (no ring)
MPRegen  0.10/turn              (no ring)

@: no status effects
A: no food or potions, fire vulnerability, cold resistance 1, negative energy
resistance 3, torment resistance, unbreathing
a: no special abilities


You were on level 1 of the Dungeon.
You were not hungry.

You visited 1 branch of the dungeon, and saw 1 of its levels.

You collected 45 gold pieces.

Inventory:

Armour
 a - a +0 robe
 b - a +0 hat (worn)
 g - a +0 leather armour (worn)
Scrolls
 c - a scroll of remove curse {unknown}
 d - a scroll of fog {unknown}
 e - a scroll of noise {unknown}
 f - a scroll of amnesia {unknown}
 h - a scroll of teleportation {unknown}
 i - a scroll of identify {unknown}


   Skills:
 + Level 1.7 Dodging
 - Level 1.7 Stealth
 + Level 4.9 Spellcasting
 + Level 0.9 Conjurations
   Level 0.7 Summonings
   Level 0.7 Translocations


You had 9 spell levels left.
You knew the following spells:

 Your Spells              Type           Power        Failure   Level  Hunger
a - Magic Dart            Conj           #...         14%         1    N/A

Dungeon Overview and Level Annotations

Branches:
Dungeon (1/15)

Altars:


Innate Abilities, Weirdness & Mutations

You do not eat or drink.
Your flesh is vulnerable to fire.
You are immune to poison.
Your flesh is cold resistant. (rC+)
You are immune to negative energy. (rN+++)
You are immune to unholy pain and torment.
You can survive without breathing.


Message History

The giant cockroach bites you but does no damage.
The giant cockroach closely misses you. The giant cockroach closely misses you.
The giant cockroach misses you.
The giant cockroach bites you but does no damage.
The giant cockroach closely misses you. The giant cockroach misses you.
You open the door. The giant cockroach closely misses you.
Found a short sword.
The giant cockroach barely misses you.
There is an open door here.
You see here a short sword.
Found 10 gold pieces.
The giant cockroach bites you.
A hobgoblin comes into view. It is wielding a club.
Found 10 gold pieces, 13 poisoned needles and a scroll labeled UKIJ ETZOFO.
You barely miss the hobgoblin. The giant cockroach bites you.
The hobgoblin hits you with a club.
* * * LOW HITPOINT WARNING * * *
You barely miss the hobgoblin. The giant cockroach bites you.
You die...

####'###.#
#)#...##.#
#.........
#...####.
#......#
#..###.#
#..# ..#
+.s#.##
##@.$.#
.......g...#
.....(.$##.#
........+ .#
........# .
........# #
......?.#
#.......#


You could see a giant cockroach and a hobgoblin.

Vanquished Creatures
  2 dart slugs (D:1)
  3 giant cockroaches (D:1)
  3 goblins (D:1)
  3 hobgoblins (D:1)
  2 frilled lizards (D:1)
  2 kobolds (D:1)
  3 rats (D:1)
18 creatures vanquished.

Notes
Turn   | Place    | Note
-------+----------+-------------------------------------------
     0 | D:1      | Atlas the Mummy Wizard began the quest for the Orb.
     0 | D:1      | Reached XP level 1. HP: 13/13 MP: 5/5
   491 | D:1      | Reached XP level 2. HP: 19/19 MP: 5/7
   959 | D:1      | Slain by a giant cockroach

Vault maps used:
D:1:      minmay_arrival_stone_box, minmay_pentomino_w4

Action                   || total
-------------------------++-------
Melee: Unarmed           ||    38
 Cast: Magic Dart        ||    44
Armor: Robe              ||     8
       Leather armour    ||    14
Dodge: Dodged            ||    44

Table legend:
 A = Spawn XP
 B = Non-spawn XP
 C = Spawn XP percentage of total XP
 D = Spawn monster count
 E = Non-spawn monster count
 F = Spawn count percentage of total count
 G = Total turns spent on level
                    A         B        C        D         E        F      G
               +---------+---------+-------+---------+---------+-------+---------
         Total |       0 |      34 |   0.0 |       0 |      18 |   0.0 |   959
               +---------+---------+-------+---------+---------+-------+---------
           D:1 |       0 |      34 |   0.0 |       0 |      18 |   0.0 |   959
               +---------+---------+-------+---------+---------+-------+---------
